 Dungeon Crawl Stone Soup version 0.29.1-12-g30fa7ad0bf (webtiles) character file.

Game seed: 9067412689921764160

6266 concernfroge the Fighter (level 10, 0/85 HPs)
             Began as a Mummy Monk on Dec 24, 2022.
             Was a High Priest of Okawaru.
             Slain by a six-headed hydra (8 damage)
             ... on level 1 of the Lair of Beasts.
             The game lasted 00:43:43 (12242 turns).

concernfroge the Fighter (Mummy Monk)              Turns: 12242, Time: 00:43:44

Health: 0/85       AC: 11    Str: 20    XL:     10   Next: 62%
Magic:  13/13      EV: 13    Int: 12    God:    Okawaru [*****.]
Gold:   475        SH:  5    Dex: 26    Spells: 4/9 levels left

rFire   x . .      SeeInvis .   b - +2 dagger (drain)
rCold   + . .      Faith    .   (no shield)
rNeg    + + +      Spirit   .   m - +0 ring mail
rPois   ∞          Reflect  +   l - +1 helmet {Int+3}
rElec   .          Harm     .   q - +0 cloak
rCorr   .          Rampage  .   i - +2 pair of gloves
Will    +....                   (no boots)
Stlth   ++........              o - amulet of reflection
HPRegen 0.24/turn               p - +6 ring of dexterity
MPRegen 0.13/turn               g - +6 ring of strength

@: no status effects
A: cold resistance 1, negative energy resistance 3, torment resistance 2, heat
vulnerability 1, in touch with death 1, no potions
a: Renounce Religion, Heroism, Finesse, Duel


You were on level 1 of the Lair of Beasts.
You worshipped Okawaru.
Okawaru was extremely pleased with you.
You visited 3 branches of the dungeon, and saw 12 of its levels.

You collected 513 gold pieces.
You spent 38 gold pieces at shops.

Inventory:

Hand Weapons
 a - a +2 vorpal falchion
 b - a +2 dagger of draining (weapon)
Missiles
 d - 3 curare-tipped darts
 e - 4 boomerangs (quivered)
 h - 22 poisoned darts
 k - 93 stones
 n - 3 javelins
Armour
 i - a +2 pair of gloves (worn)
 l - a +1 helmet of intelligence (worn)
 m - a +0 ring mail (worn)
 q - a +0 cloak (worn)
Jewellery
 g - a +6 ring of strength (right hand)
 o - an amulet of reflection (around neck)
 p - a +6 ring of dexterity (left hand)
 v - an amulet of regeneration
 z - a +4 ring of protection
Wands
 c - a wand of digging (7)
 r - a wand of roots (17)
 s - a wand of paralysis (5)
Scrolls
 j - a scroll of teleportation
 t - a scroll of noise
 u - a scroll of brand weapon
 w - 5 scrolls of immolation
 y - a scroll of magic mapping
 A - a scroll of identify
 B - 2 scrolls of amnesia
Miscellaneous
 x - a lightning rod (3/4)


   Skills:
 - Level 10.0 Fighting
 + Level 9.8 Long Blades
 - Level 3.4 Dodging
 - Level 3.0 Stealth
 + Level 4.9 Invocations


You had 4 spell levels left.
You knew the following spells:

 Your Spells              Type           Power      Damage    Failure   Level
a - Freezing Cloud        Conj/Ice/Air   0%         6-21      100%        5

Your spell library contained the following spells:

 Spells                   Type           Power      Damage    Failure   Level
 Shock                    Conj/Air       0%         1d3       50%         1
 Static Discharge         Conj/Air       0%         3-3/arc   65%         2
 Airstrike                Air            0%         2d(0-16)  99%         4
 Lightning Bolt           Conj/Air       0%         1d11      100%        5
 Silence                  Hex/Air        0%         N/A       100%        5
 Maxwell's Capacitive Co  Air            0%         ∞         100%        8
 Polar Vortex             Ice            0%         N/A       100%        9
 Simulacrum               Ice/Necr       Unusable   N/A       N/A         6
 Storm Form               Tmut/Air       Unusable   N/A       N/A         7

Dungeon Overview and Level Annotations

Branches:
Dungeon (10/15)            Temple (1/1) D:6            Lair (1/5) D:8
    Orc (0/2) D:9

Altars:
Ashenzari
Cheibriados
Dithmenos
Gozag
Hepliaklqana
Kikubaaqudgha
Makhleb
Nemelex Xobeh
Okawaru
Qazlal
Sif Muna
Uskayaw
Vehumet
Wu Jian
Xom
Yredelemnul

Shops:
D:5 (   D:7 *   D:8 !   D:9 :

Annotations:
D:4 exclusion: downstairs
D:6 3 runed translucent doors, javelincjr's ghost, novice DjSu


Innate Abilities, Weirdness & Mutations

You are immune to poison.
Your flesh is cold resistant. (rC+)
You are immune to negative energy. (rN+++)
You are immune to unholy pain and torment.
You are vulnerable to heat. (rF-)
You are in touch with the powers of death.
You do not drink.


Message History

The seven-headed hydra bites you but does no damage.
The seven-headed hydra bites you! The seven-headed hydra misses you.
The seven-headed hydra bites you.
You hit the seven-headed hydra. You drain the seven-headed hydra.
The seven-headed hydra is almost dead.
The grasping roots constrict the seven-headed hydra.
You block the seven-headed hydra's attack.
The seven-headed hydra bites you. The seven-headed hydra bites you!
The seven-headed hydra bites you.
The seven-headed hydra closely misses you.
The seven-headed hydra bites you! The seven-headed hydra misses you.
Aiming: Fastroot
Press: ? - help, Shift-Dir - straight line, f/p - seven-headed hydra
Aim: a seven-headed hydra (almost dead, constricted by roots, lightly drained)
The roots erupt in riotous growth!
The seven-headed hydra is unaffected.
Roots grab the six-headed hydra.
The grasping roots constrict the six-headed hydra.
The grasping roots constrict the seven-headed hydra!
You kill the seven-headed hydra!
Okawaru is honoured by your kill.
You can now enter into single combat with a foe.
Okawaru will now gift you equipment as you gain piety.
You hear a howl! x2
The six-headed hydra escapes!
Aiming: Fastroot
Press: ? - help, Shift-Dir - straight line, f - six-headed hydra
Aim: a six-headed hydra (severely wounded)
The roots erupt in riotous growth!
Roots grab the six-headed hydra.
The grasping roots constrict the six-headed hydra.
You hear a loud, deep croak!
You hear a howl! x2; You hear a croak.
The six-headed hydra bites you.
The six-headed hydra bites you but does no damage.
The six-headed hydra bites you!
* * * LOW HITPOINT WARNING * * *
The six-headed hydra bites you!
* * * LOW HITPOINT WARNING * * *
The six-headed hydra completely misses you.
The six-headed hydra bites you!
You die...

...# #...
...# ##
#..#
##P.##..#
........##
.........#
......D@#
........#
##.#P.#.#
..F...#
#.... #.#
..... ...
.... #..
+... #.#


You could see a six-headed hydra (rooted) and a cane toad.

Vanquished Creatures
  A hydra (Lair:1)
  A troll (D:9)
  Sigmund (D:6)
  A wyvern (D:8)
  3 yaks (D:9)
  A wraith (D:10)
  A steam dragon (D:8)
  Edmund (D:6)
  Menkaure (D:6)
  3 water moccasins
  A warg (D:9)
  An acid dragon (D:9)
  An orc warrior (D:10)
  2 sky beasts (D:6)
  2 black bears
  3 ice beasts
  2 centaurs
  An ogre (D:5)
  A phantom (D:6)
  2 kobold brigands
  5 bullfrogs
  A necrophage (D:6)
  A gnoll sergeant (D:6)
  A scorpion (D:5)
  6 wights
  3 killer bees (D:10)
  A howler monkey (D:9)
  5 hounds
  5 jellies
  13 orc priests
  7 iguanas
  9 orc wizards
  A mummy (D:8)
  6 gnolls
  16 adders
  3 ufetubi
  2 worms
  5 dart slugs
  42 orcs
  3 bats
  An endoplasm (D:2)
  5 giant cockroaches
  4 goblins
  8 hobgoblins
  9 jackals
  9 quokkas
  4 ball pythons
  A frilled lizard (D:2)
  16 kobolds
  6 rats
228 creatures vanquished.

Vanquished Creatures (others)
  A kobold (D:7)
1 creature vanquished.

Grand Total: 229 creatures vanquished

Notes
Turn   | Place    | Note
-------+----------+-------------------------------------------
     0 | D:1      | concernfroge the Mummy Monk began the quest for the Orb.
     0 | D:1      | Reached XP level 1. HP: 18/18 MP: 1/1
   304 | D:1      | Reached XP level 2. HP: 23/24 MP: 2/2
  1100 | D:2      | Gained mutation: You are in touch with the powers of death.
                  | [Mummy growth]
  1100 | D:2      | Reached XP level 3. HP: 29/29 MP: 3/3
  1732 | D:3      | Reached XP level 4. HP: 26/36 MP: 4/4
  2049 | D:3      | Found a faded altar of an unknown god.
  2555 | D:3      | Got the Precepts of Amorphous Breath
  2733 | D:4      | Reached XP level 5. HP: 40/42 MP: 5/5
  2759 | D:5      | Entered Level 5 of the Dungeon
  2789 | D:4      | Reached skill level 4 in Fighting
  3732 | D:4      | Reached XP level 6. HP: 47/48 MP: 6/6
  3820 | D:5      | Noticed a water moccasin
  3898 | D:6      | Found a sparkling altar of Nemelex Xobeh.
  3899 | D:6      | Noticed Sigmund
  3906 | D:6      | Noticed a sky beast
  3957 | D:6      | Reached skill level 5 in Fighting
  3968 | D:6      | Noticed Edmund
  3968 | D:6      | Noticed an ice beast
  3987 | D:6      | Killed Edmund
  4091 | D:5      | Noticed an ice beast
  4571 | D:5      | Reached skill level 6 in Fighting
  4571 | D:5      | Reached XP level 7. HP: 45/58 MP: 7/7
  4838 | D:5      | Reached skill level 7 in Fighting
  5020 | D:6      | Found a staircase to the Ecumenical Temple.
  5029 | Temple   | Entered the Ecumenical Temple
  5346 | Temple   | Became a worshipper of Warmaster Okawaru
  5346 | Temple   | Reached * piety under Okawaru
  5346 | Temple   | Reached ** piety under Okawaru
  5376 | D:6      | Killed Sigmund
  5377 | D:6      | Reached skill level 1 in Invocations
  5546 | D:7      | Reached XP level 8. HP: 68/68 MP: 9/9
  5575 | D:7      | Reached skill level 8 in Fighting
  6140 | D:5      | Found Bidel's Weapon Boutique.
  6148 | D:5      | Bought 4 curare-tipped darts for 33 gold pieces
  6148 | D:5      | Bought 4 stones for 5 gold pieces
  7114 | D:6      | Reached skill level 9 in Fighting
  7181 | D:6      | Found a hazy altar of Hepliaklqana.
  7389 | D:6      | Noticed Menkaure
  7408 | D:6      | Killed Menkaure
  7409 | D:6      | Reached skill level 10 in Fighting
  7409 | D:6      | Reached XP level 9. HP: 78/78 MP: 10/12
  7571 | D:6      | Found a runed translucent gate.
  7571 | D:6      | Noticed javelincjr's ghost (novice DjSu)
  7572 | D:6      | Found a runed translucent gate.
  7577 | D:6      | Found a runed translucent gate.
  8094 | D:7      | Reached skill level 5 in Long Blades
  8168 | D:7      | Found a shadowy altar of Dithmenos.
  8196 | D:7      | Reached *** piety under Okawaru
  8289 | D:7      | Found Fice's Elemental Accessories.
  8401 | D:7      | Identified the +0 long sword of Utsidduh {speed, rPois
                  | Int+3 Dex-4 SInv}
  9222 | D:8      | Found Wadacaih's Distillery.
  9348 | D:8      | Found a shimmering altar of Xom.
  9371 | D:8      | Found a staircase to the Lair.
  9520 | D:8      | Found a snail-covered altar of Cheibriados.
  9707 | D:8      | Reached XP level 10. HP: 85/85 MP: 11/13
  9909 | D:9      | Found a staircase to the Orcish Mines.
  9930 | D:9      | Reached **** piety under Okawaru
 10944 | D:9      | Found a broken altar of Ashenzari.
 11136 | D:9      | Found Festum's Book Emporium.
 11193 | D:9      | Found an ornate altar of the Wu Jian Council.
 11326 | D:10     | Entered Level 10 of the Dungeon
 11355 | D:10     | Learned a level 5 spell: Freezing Cloud
 11641 | D:10     | Found a shimmering blue altar of Sif Muna.
 12232 | Lair:1   | Entered Level 1 of the Lair of Beasts
 12232 | Lair:1   | Noticed a seven-headed hydra
 12234 | Lair:1   | Noticed a six-headed hydra
 12237 | Lair:1   | Noticed a cane toad
 12241 | Lair:1   | Killed a seven-headed hydra
 12241 | Lair:1   | Reached ***** piety under Okawaru
 12242 | Lair:1   | Slain by a six-headed hydra

Illustrated notes

Levels and vault maps discovered:
D:1:      minmay_arrival_four_loops, layout_basic
D:2:      layout_rooms, grunt_ministairs_10
D:3:      layout_basic, hellmonk_ecumenical_altar_dog_temple, grunt_ministairs_7
D:4:      layout_loops_ring, minivault_19, minmay_checkerbox
D:5:      minmay_spotlight, layout_cave_pods, gup_sewer_entry_pipe,
          serial_shops, nicolae_shop_temple_entry_statues_fountains,
          hangedman_abyss_or_decor_stagger
D:6:      layout_cave_pools, mainiacjoe_overflow_24_doors,
          nicolae_overflow_crystal_walls, marbit_many_paths,
          minmay_temple_entry_overgrown, biasface_ghost_orc_armoury,
          uniq_menkaure, uniq_sigmund, uniq_edmund
D:7:      layout_loops_ring, mainiacjoe_overflow_concentric_impassable,
          nicolae_elemental_shop
D:8:      layout_rooms, slow_altar_2, kennysheep_little_box,
          mainiacjoe_overflow_six_doors_small, serial_shops,
          nicolae_shop_hallway_stairs
D:9:      layout_roguey, nicolae_overflow_hidden_temple, ashenzari_altar_1,
          david_orc_3, nicolae_take_the_stairs
D:10:     layout_gridville, mainiacjoe_overflow_paths,
          mainiacjoe_overflow_boulevard, nicolae_concentric_dashed_squares_wild
Temple:   nicolae_temple_two_arcs
Lair:1:   layout_chaotic_city, basic_altar, st_stairs_6

Skill      XL: |  1  2  3  4  5  6  7  8  9 10 |
---------------+-------------------------------+-----
Stealth        | 2 3 |  3.0
Long Blades    | 3 7 9 |  9.8
Dodging        | 3 |  3.4
Fighting       | 4 6 7 10 | 10.0
Invocations    | 1 4 |  4.9

Action                   |  1- 3 |  4- 6 |  7- 9 | 10-12 || total
-------------------------+-------+-------+-------+-------++-------
Melee: Falchion          |   110 |   185 |   498 |   153 ||   946
       Punch             |     1 |     1 |    15 |     1 ||    18
       Dagger            |       |       |       |     1 ||     1
Throw: Boomerang         |     2 |    47 |     3 |     3 ||    55
       Dart              |       |     5 |    16 |    12 ||    33
Invok: Heroism           |       |       |    14 |     2 ||    16
Evoke: Wand              |       |       |       |     5 ||     5
       Lightning rod     |       |       |       |     1 ||     1
  Use: Scroll            |       |    15 |    13 |     3 ||    31
 Stab: Sleeping          |     2 |     3 |     3 |       ||     8
       Distracted        |       |       |     1 |       ||     1
Armor: Robe              |     7 |       |       |       ||     7
       Ring mail         |    36 |    47 |   154 |    47 ||   284
Dodge: Dodged            |    68 |    87 |   305 |    95 ||   555
Block: Other             |     3 |    39 |   106 |    30 ||   178
       Reflection        |       |       |     3 |     1 ||     4
